 Dungeon Crawl Stone Soup version 0.29.0-15-g675c0067aa (webtiles) character file.

Game seed: 699254053373157771

95 xian the Conjurer (level 4, -1/27 HPs)
             Began as an Octopode Conjurer on Sept 11, 2022.
             Slain by Sigmund
             ... wielding a +2 scythe of flaming
              (5 damage)
             ... on level 2 of the Dungeon.
             The game lasted 00:03:21 (2103 turns).

xian the Conjurer (Octopode Conjurer)               Turns: 2103, Time: 00:03:22

Health: -1/27      AC:  1    Str:  6    XL:     4   Next: 66%
Magic:  0/7        EV: 13    Int: 22    God:
Gold:   55         SH:  0    Dex: 10    Spells: 1/8 levels left

rFire   . . .      SeeInvis .   e - +0 dagger
rCold   . . .      Faith    .   (no shield)
rNeg    . . .      Spirit   .   (helmet restricted)
rPois   .          Reflect  .   (no amulet)
rElec   .          Harm     .   l - ring of wizardry
rCorr   .          Rampage  .   (no ring)
Will    .....                   (no ring)
Stlth   +++.......              (no ring)
HPRegen 0.09/turn               (no ring)
MPRegen 0.10/turn               (no ring)
                                (no ring)
                                (no ring)

@: no status effects
A: almost no armour, amphibious, 8 rings, camouflage 1, gelatinous body 1,
(nimble swimmer 1), tentacles
a: no special abilities


You were on level 2 of the Dungeon.
You visited 1 branch of the dungeon, and saw 2 of its levels.

You collected 55 gold pieces.

Inventory:

Hand Weapons
 e - a +0 dagger (weapon)
 k - a +3 quarterstaff of chaos
Jewellery
 l - a ring of wizardry (left tentacle)
Scrolls
 b - a scroll of teleportation {unknown}
 c - a scroll of summoning {unknown}
 f - a scroll of identify {unknown}
 h - a scroll of noise {unknown}
 j - a scroll of poison {unknown}
Potions
 a - 2 potions of magic
 d - a potion of degeneration {unknown}
 g - a potion of lignification {unknown}
 i - a potion of invisibility {unknown}


   Skills:
 + Level 0.1 Fighting
 * Level 1.3 Short Blades
 + Level 2.1 Dodging
 + Level 3.2 Stealth
 + Level 2.6 Spellcasting
 + Level 5.0 Conjurations


You had one spell level left.
You knew the following spells:

 Your Spells              Type           Power      Damage    Failure   Level
a - Magic Dart            Conj           100%       1d8       1%          1
b - Searing Ray           Conj           50%        2d6       1%          2
c - Iskenderun's Mystic   Conj/Tloc      14%        2d5       17%         4

Your spell library contained the following spells:

 Spells                   Type           Power      Damage    Failure   Level
 Dazzling Flash           Conj/Hex       28%        N/A       6%          3
 Fulminant Prism          Conj/Hex       7%         3d7       17%         4


Dungeon Overview and Level Annotations

Branches:
Dungeon (2/15)

Altars:

Annotations:
D:2 Sigmund


Innate Abilities, Weirdness & Mutations

You cannot wear most types of armour.
You are amphibious.
You can wear up to eight rings at the same time.
Your skin changes colour to match your surroundings (Stealth+).
Your rubbery body absorbs attacks. (AC +1, EV +1)
((You are camouflaged when in or above water. (Stealth+)))
You have tentacles for arms and can constrict up to eight enemies at once.


Message History

Sigmund gestures at you while chanting. The puff of flame hits you.
Sigmund mumbles some strange words.
Sigmund flickers and vanishes!
Deactivating autopickup; reactivate with Ctrl-A.
The adder barely misses you. The adder attacks as you move away!
The adder misses you. The adder attacks as you move away! The adder bites you.
The adder closely misses you. The adder attacks as you move away!
The adder bites you. The adder attacks as you move away! The adder bites you.
Casting: Magic Dart (safe; 1% risk of failure)
Confirm with . or Enter, or press ? or * to list all spells.
Aiming: Searing Ray (safe; 1% risk of failure)
Press: ? - help, Shift-Dir - straight line, f - adder
Aim: an adder (66% to hit)
The searing ray hits the adder.
The adder is severely wounded. (Press . to maintain the ray.)
The adder closely misses you. The adder bites you.
The searing ray hits the adder.
You kill the adder!
Unknown command.
The searing ray hits something.
A puff of flame appears from out of thin air!
The puff of flame hits you!
* * * LOW HITPOINT WARNING * * *
Unknown command.
You finish channelling your searing ray.
Casting: Searing Ray (safe; 1% risk of failure)
Confirm with . or Enter, or press ? or * to list all spells.
You can't see any susceptible monsters within range! (Use Z to cast anyway.)
Casting: Searing Ray (safe; 1% risk of failure)
Confirm with . or Enter, or press ? or * to list all spells.
Aiming: Searing Ray (safe; 1% risk of failure)
Press: ? - help, Shift-Dir - straight line The searing ray hits something. (Press . to maintain the ray.)
Something hits you.
You die...

.#####.#
#.....###.{... .#
#............. .#
#####.#....... .#
#.###..... .## #.#
.... ..## #.# ...
##.# ### #.# .#
#.# ..# #†# # ##.#
#.# #@# ...# #.#
#.# ##.# #.# #.#
##÷# #.#######.#
##.#####.........#
......##..########
.......†..#
...#####..# ...#
#.##


There were no monsters in sight!

Vanquished Creatures
  Crazy Yiuf (D:2)
  3 adders (D:2)
  5 dart slugs
  5 endoplasms
  A giant cockroach (D:1)
  4 hobgoblins (D:1)
  2 jackals (D:1)
  4 ball pythons (D:1)
  3 kobolds (D:1)
  4 rats (D:1)
32 creatures vanquished.

Notes
Turn   | Place    | Note
-------+----------+-------------------------------------------
     0 | D:1      | xian the Octopode Conjurer began the quest for the Orb.
     0 | D:1      | Reached XP level 1. HP: 11/11 MP: 3/3
   614 | D:1      | Reached XP level 2. HP: 13/17 MP: 0/5
   751 | D:1      | Learned a level 2 spell: Searing Ray
  1044 | D:1      | Found a faded altar of an unknown god.
  1053 | D:1      | Reached XP level 3. HP: 21/21 MP: 1/6
  1838 | D:2      | Found a runed translucent door.
  1839 | D:2      | Noticed Crazy Yiuf
  1846 | D:2      | Killed Crazy Yiuf
  1847 | D:2      | Reached skill level 1 in Short Blades
  1847 | D:2      | Reached XP level 4. HP: 27/27 MP: 1/7
  1943 | D:2      | Learned a level 4 spell: Iskenderun's Mystic Blast
  2030 | D:2      | Noticed Sigmund
  2056 | D:2      | Reached skill level 5 in Conjurations
  2103 | D:2      | Slain by Sigmund

Illustrated notes

Levels and vault maps discovered:
D:1:      dpeg_arrival_water_fire, layout_basic,
          dreamdust_ecumenical_altar_statues
D:2:      layout_loops_ring, minmay_increasing_density, uniq_crazy_yiuf_cottage,
          uniq_sigmund

Skill      XL: |  1  2  3  4 |
---------------+-------------+-----
Stealth        | 3 |  3.2
Short Blades   | 1 |  1.3
Conjurations   | 5 |  5.0
Fighting       | |  0.1
Dodging        | |  2.1
Spellcasting   | |  2.6

Action                   |  1- 3 |  4- 6 || total
-------------------------+-------+-------++-------
Melee: Unarmed           |     7 |       ||     7
       Tentacles         |     7 |       ||     7
       Constrict         |     6 |       ||     6
       Dagger            |    23 |       ||    23
 Cast: Magic Dart        |    52 |     8 ||    60
       Searing Ray       |     1 |     2 ||     3
Dodge: Dodged            |    17 |     6 ||    23
